 Dungeon Crawl Stone Soup version 0.28-a0-422-gd71735cc25 (webtiles) character file.

Game seed: 13107535146206094151

112 Cancer the Conjurer (level 4, -1/24 HPs)
             Began as a Gargoyle Conjurer on Sept 9, 2021.
             Slain by a phantom (2 damage)
             ... on level 3 of the Dungeon.
             The game lasted 00:08:11 (3132 turns).

Cancer the Conjurer (Gargoyle Conjurer)             Turns: 3132, Time: 00:08:11

Health: -1/24      AC:  7    Str: 11    XL:     4   Next: 95%
Magic:  3/9        EV: 11    Int: 19    God:
Gold:   176        SH:  2    Dex:  8    Spells: 6/9 levels left

rFire   . . .      SeeInvis .   m - +1 whip (drain)
rCold   . . .      Faith    .   c - +0 buckler
rNeg    + . .      Spirit   .   a - +0 robe
rPois   ∞          Reflect  .   i - +0 helmet
rElec   +          Harm     .   (no cloak)
rCorr   .          Rampage  .   (no gloves)
Will    .....                   b - +0 pair of boots
Stlth   ++........              (no amulet)
HPRegen 0.08/turn               (no ring)
MPRegen 0.11/turn               (no ring)

@: no status effects
A: sickness immunity, AC +3, negative energy resistance 1, electricity
resistance, torment resistance 1, petrification resistance
a: no special abilities


You were on level 3 of the Dungeon.
You visited 1 branch of the dungeon, and saw 3 of its levels.

You collected 176 gold pieces.

Inventory:

Hand Weapons
 m - a +1 whip of draining (weapon)
Armour
 a - a +0 robe (worn)
 b - a +0 pair of boots (worn)
 c - a +0 buckler (worn)
 i - a +0 helmet (worn)
Magical Staves
 k - a staff of air
Jewellery
 g - an amulet of guardian spirit
Wands
 n - a wand of paralysis (11)
 o - a wand of acid (8)
Scrolls
 d - 4 scrolls of identify {unknown}
 j - a scroll of amnesia {unknown}
Potions
 e - a potion of curing {unknown}
 f - a potion of resistance {unknown}
 h - a potion of magic {unknown}
 l - a potion of heal wounds {unknown}


   Skills:
 - Level 1.5 Dodging
 - Level 2.1 Stealth
 + Level 0.0 Shields
 + Level 3.4 Spellcasting
 + Level 5.6 Conjurations


You had 6 spell levels left.
You knew the following spells:

 Your Spells              Type           Power      Damage    Failure   Level
a - Magic Dart            Conj           96%        1d7       2%          1
b - Searing Ray           Conj           48%        2d6       3%          2

Your spell library contained the following spells:

 Spells                   Type           Power      Damage    Failure   Level
 Dazzling Flash           Conj/Hex       28%        N/A       22%         3
 Passwall                 Tmut/Erth      2%         N/A       36%         2
 Swiftness                Air            3%         N/A       58%         3
 Fulminant Prism          Conj/Hex       7%         3d7       58%         4
 Iskenderun's Mystic Bla  Conj/Tloc      14%        2d5       58%         4
 Invisibility             Hex            1%         N/A       100%        6


Dungeon Overview and Level Annotations

Branches:
Dungeon (3/15)

Altars:

Annotations:
D:1 wall


Innate Abilities, Weirdness & Mutations

You are immune to sickness and miasma.
Your stone body is resilient. (AC +3)
You are immune to poison.
You resist negative energy. (rN+)
You are resistant to electric shocks. (rElec)
You are resistant to unholy torment.
You are immune to petrification.


Message History

The bat hits you but does no damage.
A bat is nearby!
The bat hits you but does no damage.
You miss the bat. The bat closely misses you. The bat barely misses you.
You barely miss the bat. The bat hits you but does no damage.
The bat closely misses you. The bat hits you but does no damage.
You block the bat's attack.
You hit the bat.
You kill the bat!
No target in view!
No target in view!
n - a wand of paralysis (11)
o - a wand of acid (8)
Found an arbalest.
You see here a +0 arbalest.
You see here a bat corpse.
The searing ray misses the phantom. (Press . to maintain the ray.)
The phantom hits you.
The searing ray misses the phantom.
The phantom hits you.
The phantom blinks!
You blink.
The searing ray hits the phantom.
The phantom is lightly damaged. (Press . to maintain the ray.)
The phantom hits you.
The phantom blinks!
You blink.
You are too injured to fight recklessly!
Casting: Searing Ray (safe; 3% risk of failure)
Confirm with . or Enter, or press ? or * to list all spells.
Aiming: Searing Ray (safe; 3% risk of failure)
Press: ? - help, Shift-Dir - straight line, f/p - phantom
Aim: a phantom (lightly damaged, 71% to hit)
The searing ray hits the phantom.
The phantom is moderately damaged. (Press . to maintain the ray.)
The phantom hits you.
The phantom blinks!
You blink.
The phantom hits you!
* * * LOW HITPOINT WARNING * * *
The phantom hits you but does no damage.
The phantom hits you.
You die...

############ #..........# ##
#.########.# ##. #.# #.# #####.#
#########.# #.# #.....>
#........)########.# #.##..#
#.#########...@W...# #.##.#. #.#
#.#####..######.##.## #.#
######.# #..##.......... #.#
#...##.# #..##.##.....## #.#
#......# #..##.##..##### #.#
#...###### #.....##..# #
###.#####.## ##.####.#####..#####
..........## #.......)..[[.......
###.####..>####.####.#####.##.###


You could see a phantom.

Vanquished Creatures
  Robin (D:3)
  4 adders (D:2)
  A dart slug (D:2)
  3 orcs (D:3)
  4 ball pythons
  3 endoplasms
  A giant cockroach (D:2)
  15 goblins
  5 hobgoblins
  3 jackals (D:2)
  3 kobolds
  3 quokkas
  3 bats
  2 frilled lizards (D:2)
  3 rats
54 creatures vanquished.

Notes
Turn   | Place    | Note
-------+----------+-------------------------------------------
     0 | D:1      | Cancer the Gargoyle Conjurer began the quest for the Orb.
     0 | D:1      | Reached XP level 1. HP: 10/10 MP: 3/3
     2 | D:1      | Noticed a demonspawn
     2 | D:1      | Noticed a formicid
     4 | D:1      | Noticed a troll
     4 | D:1      | Noticed an octopode
     6 | D:1      | Noticed a demigod
     6 | D:1      | Noticed a spriggan
     8 | D:1      | Noticed a vampire
     8 | D:1      | Noticed a human
    10 | D:1      | Noticed a tengu
    10 | D:1      | Noticed a minotaur
    12 | D:1      | Noticed an ogre
    12 | D:1      | Noticed a palentonga
    14 | D:1      | Noticed a barachi
    14 | D:1      | Noticed a dwarf
    16 | D:1      | Noticed a vine stalker
    18 | D:1      | Noticed a ghoul
    18 | D:1      | Noticed a djinni
    22 | D:1      | Noticed a naga
    22 | D:1      | Noticed a draconian
    24 | D:1      | Noticed a felid
    24 | D:1      | Noticed a merfolk
    26 | D:1      | Noticed an elf
    26 | D:1      | Noticed a gargoyle
    41 | D:1      | Found a faded altar of an unknown god.
   299 | D:1      | Reached XP level 2. HP: 7/15 MP: 0/5
   533 | D:1      | Learned a level 2 spell: Searing Ray
  1227 | D:2      | Reached XP level 3. HP: 19/19 MP: 0/7
  1330 | D:2      | Reached skill level 5 in Conjurations
  1756 | D:2      | Reached XP level 4. HP: 24/24 MP: 3/8
  2309 | D:3      | Noticed a phantom
  2707 | D:3      | Noticed Robin
  2715 | D:3      | Killed Robin
  3128 | D:3      | HP: 1/24 [phantom (8)]
  3132 | D:3      | Slain by a phantom

Illustrated notes

Levels and vault maps discovered:
D:1:      kb_arrival_jail, layout_basic, ebering_ecumenical_altar_sacrificial,
          columned_hall_lemuel, minmay_misc_feat_rows,
          minmay_misc_feat_secret_circle
D:2:      layout_basic
D:3:      layout_loops_ring, uniq_robin

Skill      XL: |  1  2  3 |
---------------+----------+-----
Conjurations   | 5 |  5.6
Spellcasting   | 3 |  3.4
Dodging        | |  1.5
Stealth        | |  2.1

Action                   |  1- 3 |  4- 6 || total
-------------------------+-------+-------++-------
Melee: Whip              |    44 |    46 ||    90
 Cast: Magic Dart        |    15 |       ||    15
       Searing Ray       |    12 |    10 ||    22
 Stab: Sleeping          |     2 |       ||     2
Armor: Robe              |    20 |    22 ||    42
Dodge: Dodged            |    38 |    32 ||    70
Block: Buckler           |       |     3 ||     3

Table legend: (Time is in decaauts)
 A = Elapsed time spent in this place.
 B = Non-inter-level travel time spent in this place.
 C = Inter-level travel time spent in this place.
 D = Time resting spent in this place.
 E = Time spent auto-exploring this place.
 F = Levels seen in this place.
 G = Mean time per level.
                   A        B        C        D        E       F      G
               +--------+--------+--------+--------+--------+-----+--------+
         Total |   3139 |   3116 |     23 |    287 |   2207 |   3 | 1046.3 |
       Dungeon |   3139 |   3116 |     23 |    287 |   2207 |   3 | 1046.3 |
               +--------+--------+--------+--------+--------+-----+--------+

Top non-repeatable levels by time:
     D:1: 1206 daAuts
     D:3: 1030 daAuts
     D:2: 902 daAuts
